 Dungeon Crawl Stone Soup version 0.27-a0-1139-g28e009f8a6 (webtiles) character file.

Game seed: 15661090928714665177

2 Zeld the Shield-Bearer (level 1, 0/16 HPs)
             Began as an Octopode Fighter on May 7, 2021.
             Slain by a jackal (2 damage)
             ... on level 1 of the Dungeon.
             The game lasted 00:00:32 (132 turns).

Zeld the Shield-Bearer (Octopode Fighter)            Turns: 132, Time: 00:00:33

Health: 0/16       AC:  1    Str: 15    XL:     1   Next: 30%
Magic:  1/1        EV: 11    Int: 10    God:
Gold:   29         SH:  8    Dex: 11    Spells: 0/0 levels left

rFire    . . .     SeeInvis .   a - +0 war axe
rCold    . . .     Faith    .   b - +0 kite shield
rNeg     . . .     Spirit   .   (helmet restricted)
rPois    .         Reflect  .   (no amulet)
rElec    .         Harm     .   (no ring)
rCorr    .         Rampage  .   (no ring)
Will     .....                  (no ring)
Stlth    ++........             (no ring)
HPRegen  0.05/turn              (no ring)
MPRegen  0.07/turn              (no ring)
                                (no ring)
                                (no ring)

@: no status effects
A: almost no armour, amphibious, 8 rings, camouflage 1, gelatinous body 1,
(nimble swimmer 1), tentacles
a: no special abilities


You were on level 1 of the Dungeon.
You visited 1 branch of the dungeon, and saw 1 of its levels.

You collected 29 gold pieces.

Inventory:

Hand Weapons
 a - a +0 war axe (weapon)
Armour
 b - a +0 kite shield (worn)
Scrolls
 d - a scroll of teleportation {unknown}
Potions
 c - a potion of might


   Skills:
 * Level 3.0 Fighting
 * Level 2.0 Axes
 - Level 3.0 Dodging
 * Level 3.0 Shields


You couldn't memorise any spells.
You didn't know any spells.
Your spell library was empty.

Dungeon Overview and Level Annotations

Branches:
Dungeon (1/15)

Altars:


Innate Abilities, Weirdness & Mutations

You cannot wear most types of armour.
You are amphibious.
You can wear up to eight rings at the same time.
Your skin changes colour to match your surroundings (Stealth+).
Your rubbery body absorbs attacks. (AC +1, EV +1)
((You are camouflaged near water. (Stealth+)))
You have tentacles for arms and can constrict up to eight enemies at once.


Message History

The jackal barks!
A hobgoblin comes into view.
You closely miss the goblin. You grab the goblin. You constrict the goblin.
A jackal comes into view.
The goblin hits you with a +0 club.
A dart slug comes into view.
You block the kobold's attack. The goblin hits you with a +0 club.
The jackal moves out of view.
You are too injured to fight recklessly!
You are too injured to fight recklessly!
You release your grip on the goblin.
A jackal comes into view.
The jackal moves out of view.
The quokka bites you but does no damage.
The quokka bites you.
You completely miss the quokka. Your grab misses the quokka.
The quokka barely misses you.
You closely miss the quokka. Your grab misses the quokka.
You block the quokka's attack. x2
You barely miss the quokka. Your grab misses the quokka.
Your squeeze misses the quokka. The quokka barely misses you.
The quokka bites you.
You closely miss the quokka. Your grab misses the quokka.
Your squeeze misses the quokka. The quokka closely misses you.
A jackal comes into view.
The quokka barely misses you.
The jackal moves out of view.
You slash the quokka!
You kill the quokka!
You block the kobold's attack.
Press: ? - help, v - describe, . - travel
Here: a kobold, wielding a +0 club The floor.
A jackal comes into view.
You block the kobold's attack. The jackal bites you.
* * * LOW HITPOINT WARNING * * *
You hit the jackal but do no damage. You grab the jackal.
You constrict the jackal, but do no damage.
The jackal bites you.
You die...

##### ....# ...# #..#
#..# ##..# ######
....# #....#####
w##.########..Kh@...#
.##....h..##.g#####.#
.########.....#...#
.# ###...'.8.+ ##
###.#...# ..
#.#####.##
..######.........
..............##
.......[†####....


You could see a jackal, a goblin and a kobold.

Vanquished Creatures
  A quokka (D:1)
  A ball python (D:1)
2 creatures vanquished.

Notes
Turn   | Place    | Note
-------+----------+-------------------------------------------
     0 | D:1      | Zeld the Octopode Fighter began the quest for the Orb.
     0 | D:1      | Reached XP level 1. HP: 16/16 MP: 1/1
   132 | D:1      | Slain by a jackal

Illustrated notes

Levels and vault maps discovered:
D:1:      dpeg_arrival_morbid_curiosity, layout_rooms,
          minmay_misc_feat_diagonals, minmay_misc_feat_room,
          hangedman_decor_points

Action                   || total
-------------------------++-------
Melee: War axe           ||     8
       Constrict         ||     2
 Stab: Sleeping          ||     1
Armor: Skin              ||     1
Dodge: Dodged            ||     4
Block: Kite shield       ||     5

Table legend: (Time is in decaauts)
 A = Elapsed time spent in this place.
 B = Non-inter-level travel time spent in this place.
 C = Inter-level travel time spent in this place.
 D = Time resting spent in this place.
 E = Time spent auto-exploring this place.
 F = Levels seen in this place.
 G = Mean time per level.
                   A        B        C        D        E       F      G
               +--------+--------+--------+--------+--------+-----+--------+
         Total |    136 |    136 |      0 |      0 |     98 |   1 |  136.0 |
       Dungeon |    136 |    136 |      0 |      0 |     98 |   1 |  136.0 |
               +--------+--------+--------+--------+--------+-----+--------+

Top non-repeatable levels by time:
     D:1: 136 daAuts
